 Dungeon Sprint DCSS version bcrawl-1.12-11-gb93c957c58 (webtiles) character file.

Game seed: 14736691217933699319

12800000 Groucho the Intangible (level 27, -86/298 HPs)
             Began as a Deep Dwarf Hunter on July 8, 2019.
             Was the Champion of Makhleb.
             Killed from afar by The Defiler (137 damage)
             ... with a fireball
             ... in the Dungeon (Sprint VIII: "Arena of Blood").
             The game lasted 00:04:27 (128 turns).

Groucho the Intangible (Deep Dwarf Hunter)           Turns: 128, Time: 00:04:28

Health: -86/298    AC:  6    Str: 18    XL:     27
Magic:  43/54      EV: 36    Int: 14    God:    Makhleb [******]
Gold:   0          SH:  0    Dex: 22    Spells: 80/80 levels left

rFire    . . .     SeeInvis .   l - +∞ Axe of Woe
rCold    . . .     Gourm    .   (shield currently unavailable)
rNeg     + . .     Faith    .   b - +0 leather armour
rPois    .         Spirit   .   (no helmet)
rElec    .         Reflect  .   (no cloak)
rCorr    .         Harm     .   (no gloves)
MR       ++++.     NoTele   +   (no boots)
Stlth    +++++++++.             (no amulet)
HPRegen  0.00/turn              (no ring)
MPRegen  0.34/turn              (no ring)

@: non-regenerating
A: damage resistance, negative energy resistance 1, sense surroundings 3, no
regeneration
a: Minor Destruction, Lesser Servant of Makhleb, Major Destruction, Greater
Servant of Makhleb, Renounce Religion


You were in the Dungeon.
You worshipped Makhleb.
Makhleb was exalted by your worship.
You were not hungry.

You visited 1 branch

Inventory:

Hand Weapons
 a - a +0 short sword
 l - the +∞ Axe of Woe (weapon)
   (You found it in the Dungeon)
 n - a +9 great sword of slicing
Missiles
 c - 180 javelins (quivered)
 d - 2 throwing nets {!f}
Armour
 b - a +0 leather armour (worn)
Jewellery
 m - a +200 ring of slaying
 o - a +200 ring of slaying
Scrolls
 k - a scroll of blinking
Potions
 e - a potion of curing
 g - a potion of heal wounds
 h - a potion of haste
 i - 2 potions of magic
 j - a potion of berserk rage
Comestibles
 f - a ration {!d}


   Skills:
 O Level 27 Fighting
 O Level 27 Short Blades
 O Level 27 Long Blades
 O Level 27 Axes
 O Level 27 Throwing
 O Level 27 Armour
 O Level 27 Dodging
 O Level 27 Stealth
 O Level 27 Unarmed Combat
 O Level 27 Spellcasting
 O Level 27 Invocations


You had 80 spell levels left.
You didn't know any spells.
Your spell library was empty.

Dungeon Overview and Level Annotations

Branches:
Dungeon (1/1)

Altars:
Makhleb

Annotations:
D The Defiler


Innate Abilities, Weirdness & Mutations

You are resistant to damage.
You resist negative energy. (rN+)
You passively map a large area around you.
You do not regenerate.


Message History

Your body is wracked with pain!
* * * LOW HITPOINT WARNING * * *
The meat berserker convulses!
The scourge moves out of view.
You hear a shout!
You hear a roar!
A fleshlord comes into view. It is wielding a +9 great mace.
Items here: )))))))))))))))) ================ † Unknown command.
Unknown command.
The eight-headed meat hydra roars!
The fleshlord shouts!
You hit the accursed but do no damage.
You butcher the accursed messily.
You destroy the accursed!
Makhleb accepts your kill.
You feel better.
You feel extremely nervous for a moment...
Your body is wracked with pain!
* * * LOW HITPOINT WARNING * * *
You hear a shout!
The Defiler throws fire at you.
The fireball explodes!
The fireball engulfs you!
You die...

, , , .%. .....,
,, , , #D., ...# ,
,,, * . , #.D,
...#,, . , ,
..###..,,...###D.,
,
..%%%%)###...%...
,* ,,
*O...%p)☼_).%.....
, , *
.....#))☼°)#.... ,
* * * * ...
,#_)○)_# ., , ,, ,
, . V#))@))# , ,*,
,
,....O.._)@......
, ,
..O...###....... *
, , ,.L###..
...###.., , , , .
#.. ...# ,., , ,
,, #.%, ...#, , ,,
, ,* , S.p,....D,,
,, , , , ,* ,,,..
, ...p, , , , ,, ,
, , ,, , ,*, , ,


You could see a tyrant, 3 eight-headed meat hydras, a scourge, 2 fleshlords, The
Defiler and 2 meat berserkers.

Vanquished Creatures
  A hell knight (D)
  9 hell beasts (D)
  6 greater mummies (D)
  5 great orbs of eyes (D)
  5 wraiths (D)
  13 vampire knights (D)
  36 ogres (D)
  8 two-headed ogres (D)
  4 liches (D)
  3 hydras (D)
  56 orcs (D)
  3 phantoms (D)
  6 skeletal warriors (D)
  2 sea snakes (D)
  7 large abominations (D)
  9 small abominations (D)
  13 crawling corpses (D)
186 creatures vanquished.

Vanquished Creatures (others)
  5 crawling corpses (D)
5 creatures vanquished.

Grand Total: 191 creatures vanquished

Notes
Turn   | Place    | Note
-------+----------+-------------------------------------------
     0 | D        | Found the +∞ Axe of Woe
     0 | D        | Groucho the Deep Dwarf Hunter began the quest for the Orb.
     0 | D        | Reached XP level 1. HP: 19/19 MP: 1/1
     3 | D        | Noticed a bag of meat
     4 | D        | Fell from the grace of Elyvilon
     4 | D        | Became a worshipper of Makhleb the Destroyer
     4 | D        | Noticed a meat berserker
     4 | D        | Noticed a bag of meat
     5 | D        | Noticed a bag of meat
     5 | D        | Noticed a meat berserker
     5 | D        | Noticed a bag of meat
     5 | D        | Noticed a meat berserker
     8 | D        | Killed a meat berserker
     8 | D        | Was forgiven by Elyvilon
     8 | D        | Reached XP level 2. HP: 26/26 MP: 2/2
     8 | D        | Reached XP level 3. HP: 32/32 MP: 3/3
     8 | D        | Reached XP level 4. HP: 39/39 MP: 4/4
     8 | D        | Reached XP level 5. HP: 45/45 MP: 5/5
     8 | D        | Reached XP level 6. HP: 52/52 MP: 6/6
     8 | D        | Reached XP level 7. HP: 60/60 MP: 7/7
     8 | D        | Reached XP level 8. HP: 67/67 MP: 8/8
     8 | D        | Gained mutation: You passively map the area around you.
                  | [Deep Dwarf growth]
     8 | D        | Reached XP level 9. HP: 73/73 MP: 9/9
     8 | D        | Reached XP level 10. HP: 80/80 MP: 10/10
     8 | D        | Reached XP level 11. HP: 86/86 MP: 11/11
     8 | D        | Reached XP level 12. HP: 93/93 MP: 12/12
     8 | D        | Reached XP level 13. HP: 99/99 MP: 13/13
     8 | D        | Killed a bag of meat
     8 | D        | Reached * piety under Makhleb
     8 | D        | Noticed a meat berserker
     9 | D        | Killed a meat berserker
     9 | D        | Reached skill level 27 in Axes
     9 | D        | Reached skill level 27 in Dodging
     9 | D        | Gained mutation: You resist negative energy. (rN+) [Deep
                  | Dwarf growth]
     9 | D        | Reached XP level 14. HP: 95/136 MP: 14/14
     9 | D        | Killed a bag of meat
     9 | D        | Reached skill level 15 in Fighting
     9 | D        | Reached XP level 15. HP: 154/154 MP: 15/15
     9 | D        | Killed a meat berserker
     9 | D        | Reached ** piety under Makhleb
    10 | D        | Reached XP level 16. HP: 183/183 MP: 16/16
    11 | D        | Noticed a meat berserker
    13 | D        | Killed a meat berserker
    16 | D        | Killed a meat berserker
    16 | D        | Reached *** piety under Makhleb
    16 | D        | Reached skill level 27 in Fighting
    16 | D        | Reached skill level 27 in Armour
    16 | D        | Reached XP level 17. HP: 208/208 MP: 16/26
    16 | D        | Noticed a meat berserker
    17 | D        | Noticed a meat berserker
    18 | D        | Reached skill level 15 in Throwing
    19 | D        | Reached **** piety under Makhleb
    19 | D        | Gained mutation: You passively map a large area around you.
                  | [Deep Dwarf growth]
    19 | D        | Reached XP level 18. HP: 218/218 MP: 16/33
    19 | D        | Noticed a meat berserker
    20 | D        | Noticed a meat berserker
    21 | D        | Noticed a meat berserker
    21 | D        | Noticed a destroyer
    22 | D        | Noticed a large bag of meat
    22 | D        | Noticed a meat berserker
    23 | D        | Noticed a large bag of meat
    23 | D        | Killed a meat berserker
    23 | D        | Reached skill level 27 in Invocations
    23 | D        | Killed a meat berserker
    23 | D        | Reached skill level 27 in Throwing
    23 | D        | Reached XP level 19. HP: 226/226 MP: 17/36
    23 | D        | Reached ***** piety under Makhleb
    24 | D        | Noticed a meat berserker
    24 | D        | Reached skill level 15 in Short Blades
    24 | D        | Noticed a large bag of meat
    25 | D        | Killed a meat berserker
    25 | D        | Reached XP level 20. HP: 236/236 MP: 17/37
    25 | D        | Noticed a meat berserker
    26 | D        | Killed a meat berserker
    27 | D        | Killed a meat berserker
    28 | D        | Killed a destroyer
    28 | D        | Reached skill level 27 in Short Blades
    28 | D        | Reached skill level 27 in Unarmed Combat
    28 | D        | Reached skill level 5 in Spellcasting
    28 | D        | Reached XP level 21. HP: 244/244 MP: 18/38
    28 | D        | Reached ****** piety under Makhleb
    28 | D        | Reached skill level 15 in Stealth
    28 | D        | Noticed a large bag of meat
    30 | D        | Reached XP level 22. HP: 254/254 MP: 18/46
    31 | D        | Noticed a destroyer
    33 | D        | Noticed a destroyer
    34 | D        | Killed a large bag of meat
    34 | D        | Reached skill level 27 in Stealth
    34 | D        | Reached skill level 27 in Spellcasting
    35 | D        | Noticed a destroyer
    36 | D        | Reached skill level 27 in Long Blades
    36 | D        | Reached XP level 23. HP: 262/262 MP: 20/54
    36 | D        | Killed a destroyer
    36 | D        | Noticed a large bag of meat
    37 | D        | Killed a destroyer
    40 | D        | Killed a large bag of meat
    40 | D        | Reached XP level 24. HP: 272/272 MP: 21/54
    41 | D        | Killed a destroyer
    41 | D        | Noticed a destroyer
    42 | D        | Killed a large bag of meat
    42 | D        | Reached XP level 25. HP: 280/280 MP: 21/54
    43 | D        | Noticed a large bag of meat
    45 | D        | Killed a destroyer
    45 | D        | Noticed a destroyer
    46 | D        | Killed a large bag of meat
    46 | D        | Reached XP level 26. HP: 282/290 MP: 22/54
    46 | D        | Noticed a large bag of meat
    47 | D        | Killed a large bag of meat
    47 | D        | Reached XP level 27. HP: 298/298 MP: 22/54
    47 | D        | Noticed a destroyer
    49 | D        | Noticed a tyrant
    50 | D        | Killed a destroyer
    52 | D        | Killed a large bag of meat
    53 | D        | Killed a destroyer
    53 | D        | Noticed a destroyer
    53 | D        | Noticed a destroyer
    53 | D        | Noticed a destroyer
    55 | D        | Killed a large bag of meat
    57 | D        | Killed a destroyer
    58 | D        | Killed a tyrant
    58 | D        | Noticed a destroyer
    59 | D        | Noticed a dread
    60 | D        | Noticed a meat beast
    60 | D        | Killed a destroyer
    62 | D        | Killed a meat beast
    62 | D        | Killed a destroyer
    63 | D        | Killed a dread
    64 | D        | Killed a destroyer
    70 | D        | Noticed a dread
    71 | D        | Noticed a meat beast
    71 | D        | Noticed a meat beast
    72 | D        | Noticed a meat beast
    73 | D        | Killed a meat beast
    74 | D        | Noticed an accursed
    75 | D        | Killed a meat beast
    76 | D        | Noticed a destroyer
    76 | D        | Killed a meat beast
    76 | D        | Noticed a dread
    80 | D        | Noticed a dread
    82 | D        | Noticed a meat beast
    82 | D        | Noticed a meat beast
    83 | D        | Killed a dread
    84 | D        | Noticed an accursed
    85 | D        | Killed a meat beast
    85 | D        | Killed a meat beast
    85 | D        | Noticed a large bag of meat
    86 | D        | Killed a dread
    89 | D        | Noticed a tyrant
    89 | D        | Noticed an accursed
    89 | D        | Killed a tyrant
    90 | D        | Killed a dread
    93 | D        | Noticed an accursed
    93 | D        | Killed an accursed
    95 | D        | Killed a destroyer
    98 | D        | Killed an accursed
   100 | D        | Noticed an accursed
   100 | D        | Killed an accursed
   102 | D        | Killed an accursed
   103 | D        | Killed an accursed
   104 | D        | Noticed a tyrant
   104 | D        | Noticed a destroyer
   106 | D        | Noticed a meat beast
   107 | D        | Noticed a meat beast
   108 | D        | Noticed a dread
   109 | D        | Killed a large bag of meat
   109 | D        | Noticed a meat beast
   110 | D        | Noticed a tyrant
   110 | D        | Noticed The Defiler
   111 | D        | Killed a meat beast
   113 | D        | Killed a meat beast
   114 | D        | Killed a destroyer
   114 | D        | Noticed an accursed
   116 | D        | Killed a meat beast
   118 | D        | Killed a tyrant
   118 | D        | Noticed a fleshlord
   119 | D        | HP: 11/298 [bag of meat/+9 war axe (8)]
   120 | D        | Killed a dread
   120 | D        | Noticed a destroyer
   122 | D        | Killed a tyrant
   125 | D        | Killed a fleshlord
   125 | D        | Noticed a fleshlord
   126 | D        | Noticed a fleshlord
   126 | D        | Noticed a tyrant
   128 | D        | Noticed a fleshlord
   128 | D        | Killed an accursed
   128 | D        | Killed from afar by The Defiler

Skill      XL: |  1  2  3  4  5  6  7  8  9 10 11 12 13 14 15 16 17 18 19 20 21 22 |
---------------+-------------------------------------------------------------------+-----
Axes           | 23 27 | 27.0
Dodging        | 23 27 | 27.0
Fighting       | 11 15 21 27 | 27.0
Armour         | 12 16 23 27 | 27.0
Throwing       | 9 17 27 | 27.0
Invocations    | 12 23 27 | 27.0
Short Blades   | 7 19 27 | 27.0
Unarmed Combat | 7 17 27 | 27.0
Stealth        | 8 26 27 | 27.0
Spellcasting   | 5 20 27 | 27.0
Long Blades    | 27 | 27.0

Action                   |  1- 3 |  4- 6 |  7- 9 | 10-12 | 13-15 | 16-18 | 19-21 | 22-24 | 25-27 || total
-------------------------+-------+-------+-------+-------+-------+-------+-------+-------+-------++-------
Melee: Executioner's axe |     1 |       |       |       |     2 |     6 |     7 |     8 |    73 ||    97
Armor: Leather armour    |       |       |       |       |       |       |       |       |     1 ||     1
Dodge: Dodged            |     1 |       |       |       |     1 |       |       |     1 |    13 ||    16
